 Dungeon Crawl Stone Soup version 0.26.1-11-gd32895ea62 (webtiles) character file.

Game seed: 7622654148298769186

126 ubername the Chiller (level 4, -1/33 HPs)
             Began as a Draconian Ice Elementalist on July 16, 2021.
             Slain by a gnoll sergeant
             ... wielding a +0 spear
              (4 damage)
             ... on level 6 of the Dungeon.
             The game lasted 00:06:26 (4056 turns).

ubername the Chiller (Draconian Ice Elementalist)   Turns: 4056, Time: 00:06:28

Health: -1/33      AC: 12    Str:  8      XL:     4   Next: 83%
Magic:  2/8        EV: 12    Int: 15 (17) God:
Gold:   199        SH:  0    Dex:  9 (11) Spells: 1/8 levels left

rFire    . . .     SeeInvis .   g - +0 short sword
rCold    . . .     Faith    +   (no shield)
rNeg     . . .     Spirit   .   (armour unavailable)
rPois    .         Reflect  .   (helmet restricted)
rElec    +         Harm     .   m - +0 cloak
rCorr    .         Rampage  .   (no gloves)
Will     .....                  (no boots)
Stlth    ++........             j - amulet of faith
HPRegen  0.11/turn              (no ring)
MPRegen  0.11/turn              (no ring)

@: icy armour, frozen ramparts
A: unfitting armour, antennae 1, electricity resistance, weak 1, cold-blooded,
AC +5
a: no special abilities


You were on level 6 of the Dungeon.
You visited 1 branch of the dungeon, and saw 4 of its levels.

You collected 199 gold pieces.

Inventory:

Hand Weapons
 c - a +0 dagger
 g - a +0 short sword (weapon)
Missiles
 d - 29 stones
 i - 18 sling bullets
 o - 14 poisoned darts (quivered)
Armour
 m - a +0 cloak (worn)
Jewellery
 j - an amulet of faith (around neck)
 l - an uncursed ring of fire
Wands
 h - a wand of digging (5)
 p - a wand of random effects (15)
Scrolls
 a - a scroll of magic mapping
 f - a scroll of fear
Potions
 b - a potion of flight
 e - 2 potions of haste
 n - 2 potions of heal wounds


   Skills:
 + Level 0.1 Fighting
 + Level 0.8 Short Blades
 + Level 2.4 Dodging
 + Level 2.2 Stealth
 + Level 2.8 Spellcasting
 + Level 5.0 Ice Magic
 + Level 0.1 Evocations


You had one spell level left.
You knew the following spells:

 Your Spells              Type           Power        Failure   Level
a - Freeze                Ice            68%          2%          1
b - Frozen Ramparts       Ice            34%          8%          3
c - Ozocubu's Armour      Ice            17%          8%          3

Your spell library contained the following spells:

 Spells                   Type           Power        Failure   Level
 Hailstorm                Conj/Ice       9%           58%         4
 Summon Ice Beast         Ice/Summ       9%           58%         4


Dungeon Overview and Level Annotations

Branches:
Dungeon (3/15)

Altars:
Trog


Innate Abilities, Weirdness & Mutations

Your plain brown scales are hard. (AC +5)
You cannot fit into any form of body armour.
You are cold-blooded and may be slowed by cold attacks.
You have a pair of small antennae on your head.
You are resistant to electric shocks. (rElec)
You are weak. (Str -2)


Message History

The spell is quite dangerous to cast (8% risk of failure)!
Continue anyway?
A film of ice covers your body!
The wall freezes the gnoll. x2
The gnoll hits you with a +0 spear.
The wall freezes the gnoll sergeant.
The gnoll sergeant hits you from afar with a +0 spear!
* * * LOW HITPOINT WARNING * * *
You barely miss the gnoll.
The gnoll is moderately wounded.
The wall freezes the gnoll.
The gnoll hits you with a +0 spear.
* * * LOW HITPOINT WARNING * * *
The wall freezes the gnoll.
The gnoll closely misses you.
The wall freezes the gnoll sergeant.
The gnoll sergeant hits you but does no damage.
The wall freezes the gnoll.
You closely miss the gnoll.
The gnoll is severely wounded.
The wall freezes the gnoll.
The gnoll barely misses you.
The wall freezes the gnoll.
The gnoll hits you but does no damage.
The wall freezes the gnoll sergeant.
The gnoll sergeant hits you from afar with a +0 spear.
You die...

... ####..
#..... #.....
#..... #.....
#.....######
#g@#...##
#.gg#.....#
#..g#.....#
#...#.....#
#...#.....#
+...#.....#
#...#.....#
.######..#######
#....#...#


You could see a gnoll sergeant and 3 gnolls.

Vanquished Creatures
  An orc wizard (D:3)
  Terence (D:2)
  An adder (D:2)
  A gnoll (D:1)
  An ooze (D:2)
  A worm (D:2)
  A dart slug (D:2)
  3 leopard geckos
  A ball python (D:2)
  4 bats
  2 giant cockroaches (D:1)
  7 goblins (D:1)
  5 kobolds
  A quokka (D:6)
  9 frilled lizards
  5 rats
44 creatures vanquished.

Notes
Turn   | Place    | Note
-------+----------+-------------------------------------------
     0 | D:1      | ubername the Draconian Ice Elementalist began the quest for
                  | the Orb.
     0 | D:1      | Reached XP level 1. HP: 14/14 MP: 3/3
   646 | D:1      | Reached XP level 2. HP: 16/20 MP: 3/5
   694 | D:1      | HP: 1/20 [gnoll/+0 spear (2)]
  1434 | D:1      | Reached XP level 3. HP: 21/26 MP: 3/6
  3064 | D:2      | Gained mutation: You are weak. (Str -2) [potion of
                  | mutation]
  3064 | D:2      | Gained mutation: You have a pair of small antennae on your
                  | head. [potion of mutation]
  3064 | D:2      | Gained mutation: You are resistant to electric shocks.
                  | (rElec) [potion of mutation]
  3276 | D:2      | Noticed Terence
  3286 | D:2      | Killed Terence
  3287 | D:2      | Reached XP level 4. HP: 27/33 MP: 2/8
  3409 | D:2      | Found a bloodstained altar of Trog.
  3723 | D:3      | Noticed an ogre
  3725 | D:3      | Reached skill level 5 in Ice Magic
  3855 | D:3      | You fall into a shaft and drop 3 floors!
  3962 | D:6      | Learned a level 3 spell: Frozen Ramparts
  3966 | D:6      | Learned a level 3 spell: Ozocubu's Armour
  4052 | D:6      | Noticed a gnoll sergeant
  4056 | D:6      | Slain by a gnoll sergeant

Illustrated notes

Levels and vault maps discovered:
D:1:      giann_wishing_wells, layout_loops_ring, minmay_pentomino_w4
D:2:      layout_basic, grunt_ministairs_3, kennysheep_flooded_box,
          lemuel_statue_altar, uniq_terence
D:3:      layout_loops_ring
D:6:      wad_pebble_path, layout_gridville

Skill      XL: |  1  2  3  4 |
---------------+-------------+-----
Dodging        | 2 |  2.4
Stealth        | 2 |  2.2
Ice Magic      | 5 |  5.0
Fighting       | |  0.1
Short Blades   | |  0.8
Spellcasting   | |  2.8
Evocations     | |  0.1

Action                   |  1- 3 |  4- 6 || total
-------------------------+-------+-------++-------
Melee: Dagger            |    78 |       ||    78
       Tailslap          |     6 |       ||     6
       Short sword       |       |    20 ||    20
Throw: Dart              |       |     3 ||     3
 Cast: Freeze            |    43 |     2 ||    45
       Frozen Ramparts   |       |     2 ||     2
       Ozocubu's Armour  |       |     1 ||     1
Evoke: Wand              |     3 |       ||     3
  Use: Scroll            |    10 |     1 ||    11
       Potion            |     6 |       ||     6
 Stab: Sleeping          |     2 |     1 ||     3
Armor: Skin              |    40 |    10 ||    50
Dodge: Dodged            |    69 |     9 ||    78
